 Dungeon Crawl Stone Soup version 0.26-a0-1132-ge9770dfcb6 (webtiles) character file.

Game seed: 17850648477840916089

434 Froggeryz the Cudgeller (level 7, -6/50 HPs)
             Began as a Human Gladiator on Dec 20, 2020.
             Mangled by an ogre
             ... wielding a +0 giant club
              (9 damage)
             ... on level 5 of the Dungeon.
             The game lasted 00:04:59 (3276 turns).

Froggeryz the Cudgeller (Human Gladiator)           Turns: 3276, Time: 00:04:59

Health: -6/50      AC:  7    Str: 16    XL:     7   Next: 20%
Magic:  7/7        EV: 11    Int:  9    God:
Gold:   148        SH:  5    Dex: 22    Spells: 6/6 levels left

rFire    + . .     SeeInvis .   a - +1 flail
rCold    . . .     Faith    .   b - +0 buckler
rNeg     . . .     Spirit   .   n - +0 scale mail
rPois    .         Reflect  .   c - +0 helmet
rElec    .         Harm     .   (no cloak)
rCorr    .         Rampage  .   (no gloves)
Will     .....                  (no boots)
Stlth    ..........             q - amulet of regeneration
HPRegen  0.00/turn              m - +6 ring of dexterity
MPRegen  0.10/turn              s - ring of protection from fire

@: hasted, very quick
A: agile 1, inhibited regeneration
a: no special abilities


You were on level 5 of the Dungeon.
You visited 1 branch of the dungeon, and saw 5 of its levels.
You also visited: Ossuary.

You collected 148 gold pieces.

Inventory:

Hand Weapons
 a - a +1 flail (weapon)
Missiles
 d - 3 throwing nets
 j - 39 poisoned darts
Armour
 b - a +0 buckler (worn)
 c - a +0 helmet (worn)
 n - a +0 scale mail (worn)
Jewellery
 m - a +6 ring of dexterity (left hand)
 q - an amulet of regeneration (around neck)
 s - a ring of protection from fire (right hand)
Scrolls
 f - 4 scrolls of remove curse
 t - a scroll of enchant weapon
 v - a scroll of torment {unknown}
 x - a scroll of magic mapping {unknown}
 y - a scroll of fear {unknown}
 A - a scroll of teleportation {unknown}
 B - a scroll of identify
Potions
 e - a potion of invisibility {unknown}
 g - 4 potions of flight
 h - a potion of attraction {unknown}
 i - 2 potions of heal wounds {unknown}
 k - 2 potions of curing
 l - a potion of mutation
 o - a potion of magic {unknown}
 p - 2 potions of haste
 r - 2 potions of brilliance
 u - 2 potions of might {unknown}
 w - 2 potions of cancellation {unknown}
 z - a potion of degeneration {unknown}


   Skills:
 - Level 2.0 Fighting
 * Level 7.1 Maces & Flails
 - Level 2.0 Throwing
 - Level 3.0 Dodging
 + Level 2.5 Shields


You had 6 spell levels left.
You didn't know any spells.
Your spell library was empty.

Dungeon Overview and Level Annotations

Branches:
Dungeon (5/15)            Ossuary (visited)
 Temple: D:4-7

Altars:
Dithmenos
Yredelemnul

Annotations:
D:3 Pikel
D:5 Ijyb


Innate Abilities, Weirdness & Mutations

You are agile. (Dex +2)
You do not regenerate when monsters are visible.


Message History

* * * LOW HITPOINT WARNING * * *
Your scale mail prevents you from hitting the ogre.
The ufetubus hits you.
* * * LOW HITPOINT WARNING * * *
You block the ufetubus's attack. You block the phantom's attack.
You block the adder's attack. The ufetubus hits you.
* * * LOW HITPOINT WARNING * * *
The ufetubus misses you.
It was a potion of haste.
You feel yourself speed up. You block the adder's attack.
The ogre hits you with a +0 giant club.
* * * LOW HITPOINT WARNING * * *
The phantom barely misses you.
The ufetubus hits you but does no damage.
The ufetubus barely misses you.
It was a potion of mutation.
You feel extremely strange.
Your regeneration stops near monsters.
You feel agile. The adder completely misses you.
The ufetubus hits you but does no damage.
You block the ufetubus's attack. The ogre hits you with a +0 giant club!
You die...

#.... #.... #
#.... .. #....
... #.... .#..
#.... .....
#...5##.#.#..
#...O@SZ.....
##....W......
#...........
.............
#.............
#.........###.
#........##
..........


You could see a phantom, an ogre, an adder, an ufetubus and a worker ant zombie.

Vanquished Creatures
  2 centaur zombies (Ossuary)
  A hound (D:4)
  Terence (D:3)
  A worker ant (D:2)
  3 ogre zombies (Ossuary)
  7 mummies (Ossuary)
  3 adders
  3 oozes
  5 adder zombies (Ossuary)
  2 worms (D:3)
  3 leopard geckos
  4 orcs
  A ball python (D:2)
  5 giant cockroaches
  A gnoll zombie (Ossuary)
  4 goblins
  7 hobgoblins
  3 jackals (D:1)
  6 kobolds
  A quokka (D:3)
  4 bats
  3 frilled lizards
  4 goblin zombies (Ossuary)
  5 hobgoblin zombies (Ossuary)
  3 kobold zombies (Ossuary)
  A quokka zombie (Ossuary)
  5 rats
  6 rat zombies (Ossuary)
94 creatures vanquished.

Notes
Turn   | Place    | Note
-------+----------+-------------------------------------------
     0 | D:1      | Froggeryz the Human Gladiator began the quest for the Orb.
     0 | D:1      | Reached XP level 1. HP: 16/16 MP: 1/1
   208 | D:1      | Reached XP level 2. HP: 22/22 MP: 2/2
   690 | D:1      | Reached skill level 4 in Maces & Flails
   690 | D:1      | Reached XP level 3. HP: 24/27 MP: 3/3
  1221 | D:2      | Found a shadowy altar of Dithmenos.
  1353 | D:2      | Found a basalt altar of Yredelemnul.
  1970 | D:3      | Noticed an ice beast
  2147 | D:2      | Reached XP level 4. HP: 25/33 MP: 4/4
  2148 | D:2      | Reached skill level 5 in Maces & Flails
  2263 | D:3      | Noticed Terence
  2281 | D:3      | Killed Terence
  2282 | D:3      | Reached XP level 5. HP: 30/38 MP: 5/5
  2495 | D:4      | Noticed Pikel
  2496 | D:4      | Noticed a lemure
  2496 | D:4      | Noticed a lemure
  2498 | D:4      | Noticed a lemure
  2498 | D:4      | Noticed a lemure
  2504 | D:4      | Found a sand-covered staircase.
  2509 | Ossuary  | Entered an ossuary
  2608 | Ossuary  | Reached skill level 6 in Maces & Flails
  2608 | Ossuary  | Reached skill level 1 in Shields
  2608 | Ossuary  | Reached XP level 6. HP: 30/44 MP: 6/6
  2952 | Ossuary  | Reached XP level 7. HP: 21/50 MP: 7/7
  3181 | D:4      | Reached skill level 7 in Maces & Flails
  3248 | D:5      | Entered Level 5 of the Dungeon
  3248 | D:5      | Noticed Ijyb
  3276 | D:5      | Gained mutation: You do not regenerate when monsters are
                  | visible. [potion of mutation]
  3276 | D:5      | Gained mutation: You are agile. (Dex +2) [potion of
                  | mutation]
  3276 | D:5      | Mangled by an ogre

Illustrated notes

Levels and vault maps discovered:
D:1:      eino_arrival_tree_alley, layout_loops_ring
D:2:      layout_loops_corners, nicolae_overflow_hidden_temple,
          grunt_dithmenos_smoke
D:3:      layout_rooms, chequers_serial_rivers_large_a, uniq_terence
D:4:      layout_cave_pools, kennysheep_mini, portal_sewer_entry_d,
          enter_ossuary_2, uniq_pikel
D:5:      layout_rooms, overflow_temple_1_default, lemuel_round_altar,
          minmay_temple_entry_large_hall, serial_glass, glass_columns_c,
          glass_columns_a, uniq_ijyb

Skill      XL: |  1  2  3  4  5  6  7 |
---------------+----------------------+-----
Maces & Flails | 4 5 6 7 |  7.1
Shields        | 1 2 |  2.5
Fighting       | |  2.0
Throwing       | |  2.0
Dodging        | |  3.0

Action                   |  1- 3 |  4- 6 |  7- 9 || total
-------------------------+-------+-------+-------++-------
Melee: Flail             |   102 |   210 |    42 ||   354
  Use: Scroll            |       |     4 |       ||     4
       Potion            |       |     2 |     2 ||     4
 Stab: Sleeping          |     1 |       |       ||     1
       Distracted        |     1 |       |       ||     1
Armor: Leather armour    |    35 |    12 |       ||    47
       Scale mail        |       |    43 |    29 ||    72
Dodge: Dodged            |   103 |   128 |    38 ||   269
Block: Buckler           |       |    19 |    24 ||    43

Table legend: (Time is in decaauts)
 A = Elapsed time spent in this place.
 B = Non-inter-level travel time spent in this place.
 C = Inter-level travel time spent in this place.
 D = Time resting spent in this place.
 E = Time spent auto-exploring this place.
 F = Levels seen in this place.
 G = Mean time per level.
                   A        B        C        D        E       F      G
               +--------+--------+--------+--------+--------+-----+--------+
         Total |   3332 |   3156 |    176 |    466 |   1807 |   6 |  555.3 |
       Dungeon |   2694 |   2518 |    176 |    344 |   1609 |   5 |  538.8 |
       Ossuary |    638 |    638 |      0 |    122 |    198 |   1 |  638.0 |
               +--------+--------+--------+--------+--------+-----+--------+

Top non-repeatable levels by time:
     D:1: 1139 daAuts
     D:2: 1064 daAuts
 Ossuary: 638 daAuts
     D:3: 350 daAuts
     D:4: 129 daAuts
     D:5: 11 daAuts
